 Dungeon Crawl Stone Soup version 0.25.0-1-g7eea58d2a3 (webtiles) character file.

Game seed: 4696790572547773630

5313 LSt the Thaumaturge (level 10, 0/53 HPs)
             Began as a Deep Elf Artificer on June 14, 2020.
             Was a Priest of Vehumet.
             Slain by a wraith (2 damage)
             ... on level 9 of the Dungeon on June 15, 2020.
             The game lasted 01:33:03 (16378 turns).

LSt the Thaumaturge (Deep Elf Artificer)           Turns: 16378, Time: 01:33:04

Health: 0/53       AC:  7    Str:  9    XL:     10   Next: 37%
Magic:  35/37      EV: 16    Int: 20    God:    Vehumet [***...]
Gold:   332        SH:  0    Dex: 15    Spells: 23/34 levels left

rFire    . . .     SeeInvis .   E - +0 short sword (elec)
rCold    . . .     Gourm    .   (no shield)
rNeg     . . .     Faith    .   N - +1 leather armour {rPois}
rPois    +         Spirit   .   (no helmet)
rElec    .         Reflect  .   Z - +2 cloak "Ecilefig" {MR+}
rCorr    .         Harm     .   (no gloves)
MR       +++..                  (no boots)
Stlth    +++.......             (no amulet)
HPRegen  0.17/turn              L - ring of protection from magic
MPRegen  0.25/turn              z - ring of magical power

@: confusing touch, slowed, very slow
A: no striking features
a: Renounce Religion


You were on level 9 of the Dungeon.
You worshipped Vehumet.
Vehumet was most pleased with you.
You were not hungry.

You visited 1 branch of the dungeon, and saw 10 of its levels.

You collected 332 gold pieces.

Inventory:

Hand Weapons
 a - a +2 dagger of venom
 b - a +0 hunting sling
 E - a +0 short sword of electrocution (weapon)
 I - a +1 flail of venom
 S - a +0 dagger of protection
 T - a +2 morningstar of flaming
Missiles
 g - 198 stones (quivered)
 i - 8 curare-tipped darts
 k - 38 bolts
 m - 90 sling bullets
 o - 66 arrows
 y - a boomerang of dispersal
 D - 31 boomerangs
 O - 2 throwing nets
Armour
 t - a +0 leather armour
 F - a +0 cloak
 J - a +0 robe
 N - a +1 leather armour of poison resistance (worn)
 U - +0 steam dragon scales
 Z - the +2 cloak "Ecilefig" (worn) {MR+}
   (You found it on level 8 of the Dungeon)

   It affects your resistance to hostile enchantments.
Magical Staves
 A - an uncursed staff of earth
 P - an uncursed staff of conjuration
Jewellery
 u - an uncursed ring of flight
 z - a ring of magical power (right hand)
 L - a ring of protection from magic (left hand)
 Q - an uncursed ring of protection from magic
 W - an uncursed amulet of guardian spirit
Wands
 c - a wand of flame (21)
 d - a wand of enslavement (13)
 e - a wand of random effects (14)
 R - a wand of iceblast (4)
 V - a wand of digging (6)
 X - a wand of disintegration (17)
Scrolls
 h - a scroll of identify
 w - 2 scrolls of immolation {unknown}
 B - 5 scrolls of remove curse
 C - a scroll of random uselessness {unknown}
 G - 2 scrolls of enchant armour {unknown}
 H - a scroll of fear {unknown}
 M - 2 scrolls of blinking {unknown}
Potions
 j - a potion of ambrosia
 l - a potion of stabbing
 n - a potion of magic
 p - 2 potions of lignification
 q - 3 potions of haste
 r - a potion of brilliance {unknown}
 s - 4 potions of curing
 v - 2 potions of mutation
 x - a potion of invisibility {unknown}
 Y - a potion of degeneration {unknown}
Comestibles
 f - 16 rations
 K - 3 chunks of flesh


   Skills:
 - Level 2.0 Fighting
 - Level 1.0 Short Blades
 + Level 7.9 Dodging
 + Level 6.9 Stealth
 + Level 12.7 Spellcasting
 - Level 5.7 Conjurations
 - Level 3.4 Hexes
 - Level 3.3 Fire Magic
 - Level 4.2 Ice Magic
 - Level 3.2 Evocations


You had 23 spell levels left.
You knew the following spells:

 Your Spells              Type           Power        Failure   Level  Hunger
a - Magic Dart            Conj           ####         1%          1    None
b - Freeze                Ice            ####         1%          1    None
c - Confusing Touch       Hex            ####....     5%          3    None
d - Conjure Flame         Conj/Fire      ####....     1%          3    None
e - Dazzling Flash        Conj/Hex       ####..       1%          3    None

Your spell library contained the following spells:

 Spells                   Type           Power        Failure   Level  Hunger
 Gell's Gravitas          Tloc           ##........   22%         3    None
 Yara's Violent Unravell  Hex/Tmut       ###.......   26%         5    ####...
 Metabolic Englaciation   Hex/Ice        ####......   38%         5    ####...
 Petrify                  Tmut/Erth      ##......     58%         4    None


Dungeon Overview and Level Annotations

Branches:
Dungeon (10/15)            Temple (0/1) D:5
   Lair: D:8-11         Orc: D:9-12

Altars:
Ashenzari
Cheibriados
Dithmenos
Fedhas
Kikubaaqudgha
Qazlal
Trog
Uskayaw
Vehumet
Wu Jian
Xom

Shops:
D:9 %   D:10 *

Annotations:
D:3 Sigmund
D:5 3 runed translucent doors, releu's ghost, novice VSWz


Message History

The floor.
Casting: Magic Dart (safe; 1% risk of failure)
Confirm with . or Enter, or press ? or * to list all spells.
Your hands begin to glow red.
The wraith hits you but does no damage.
Press: ? - help, v - describe, . - travel
Here: a wraith (lightly damaged, chance to confuse on hit: 22%)
The floor.
You hit the wraith but do no damage.
The wraith is lightly damaged.
The wraith barely misses you. The wraith hits you but does no damage.
You hit the wraith but do no damage.
The wraith is lightly damaged.
The wraith hits you!
* * * LOW HITPOINT WARNING * * *
You hit the wraith but do no damage.
The wraith is lightly damaged.
The wraith hits you.
* * * LOW HITPOINT WARNING * * *
The wraith hits you.
You die...

....##.####.#####.#.#
######.# #.# ##.#.#### #
#.# #.####.......# #
##+## #......#...#.# #
##...########..÷....# #
##.....## #<÷....[#
###.......## ##.......#
##.........####.W#...#.#
.'.........+....@......#
##.........####...######
###.......## ##.## #
##.....## #.# ##...##
#.# ##'## #.# ######.#
#.# .....#)# #.#
.###.#.## #.#


You could see a wraith.

Vanquished Creatures
  A two-headed ogre (D:8)
  Maggie (D:7)
  Grinder (D:5)
  3 hippogriffs
  A yak (D:9)
  6 orc warriors
  A sky beast (D:8)
  An ogre (D:7)
  4 ice beasts
  3 phantoms
  A black bear (D:9)
  A big kobold (D:8)
  7 bullfrogs
  A water moccasin skeleton (D:7)
  A scorpion (D:8)
  5 wights (D:6)
  3 crimson imps
  A bullfrog skeleton (D:5)
  5 orc priests
  2 hounds (D:9)
  2 jellies
  4 iguanas
  8 worker ants
  10 orc wizards
  3 hound zombies
  8 adders
  A shadow imp (D:7)
  An ooze (D:4)
  An adder zombie (D:6)
  2 adder skeletons (D:6)
  A worm (D:8)
  6 dart slugs
  4 leopard geckos
  37 orcs
  A ball python (D:5)
  3 giant cockroaches
  9 goblins
  11 hobgoblins
  22 jackals
  8 kobolds
  2 quokkas (D:6)
  12 bats
  11 frilled lizards
  2 leopard gecko skeletons
  9 rats
227 creatures vanquished.

Vanquished Creatures (others)
  An orc priest (D:6)
1 creature vanquished.

Grand Total: 228 creatures vanquished

Notes
Turn   | Place    | Note
-------+----------+-------------------------------------------
     0 | D:1      | LSt the Deep Elf Artificer began the quest for the Orb.
     0 | D:1      | Reached XP level 1. HP: 11/11 MP: 5/5
   220 | D:1      | Reached skill level 1 in Fighting
   230 | D:1      | Reached skill level 1 in Spellcasting
   482 | D:1      | Reached XP level 2. HP: 13/16 MP: 6/6
  1410 | D:1      | Reached XP level 3. HP: 20/20 MP: 7/7
  1437 | D:1      | Reached skill level 2 in Spellcasting
  2295 | D:2      | Found a blossoming altar of Fedhas.
  2529 | D:2      | Found a shattered altar of Ashenzari.
  2879 | D:2      | Reached XP level 4. HP: 19/26 MP: 9/9
  3712 | D:3      | Found a radiant altar of Vehumet.
  3720 | D:3      | Became a worshipper of Vehumet
  3826 | D:3      | Reached skill level 3 in Spellcasting
  4055 | D:3      | Noticed Sigmund
  4811 | D:4      | Found a bloodstained altar of Trog.
  4836 | D:4      | Found a shadowy altar of Dithmenos.
  4865 | D:4      | Reached skill level 4 in Spellcasting
  4924 | D:4      | Reached XP level 5. HP: 27/30 MP: 13/13
  5523 | D:4      | Reached * piety under Vehumet
  5523 | D:4      | Offered knowledge of Magic Dart by Vehumet.
  5523 | D:4      | Reached skill level 5 in Spellcasting
  5544 | D:3      | Learned a level 1 spell: Magic Dart
  5805 | D:4      | Reached skill level 1 in Conjurations
  5815 | D:4      | Reached XP level 6. HP: 30/35 MP: 16/16
  6581 | D:5      | Entered Level 5 of the Dungeon
  6856 | D:5      | Noticed an ice beast
  6883 | D:5      | Killed an ice beast
  6883 | D:5      | Reached skill level 6 in Spellcasting
  7039 | D:5      | Found a staircase to the Ecumenical Temple.
  7050 | D:5      | Reached skill level 7 in Spellcasting
  7050 | D:5      | Reached XP level 7. HP: 39/39 MP: 10/19
  7121 | D:5      | Noticed Grinder
  7134 | D:5      | Found a runed translucent gate.
  7134 | D:5      | Found a runed translucent gate.
  7134 | D:5      | Found a runed translucent gate.
  7135 | D:5      | Noticed releu's ghost (novice VSWz)
  7233 | D:5      | Found a stormy altar of Qazlal.
  7234 | D:5      | Noticed a fire elemental
  7236 | D:5      | Noticed an air elemental
  7236 | D:5      | Noticed a water elemental
  7469 | D:5      | Paralysed by Grinder for 5 turns
  7850 | D:5      | Reached skill level 8 in Spellcasting
  9908 | D:6      | Found an ancient bone altar of Kikubaaqudgha.
 10247 | D:6      | Found an ornate altar of the Wu Jian Council.
 10434 | D:6      | Reached XP level 8. HP: 14/44 MP: 16/22
 10693 | D:6      | You fall into a shaft and drop 3 floors!
 10749 | D:9      | Reached skill level 5 in Conjurations
 10829 | D:8      | You fall into a shaft and drop 1 floor!
 11103 | D:7      | Noticed a hippogriff
 11117 | D:7      | Killed a hippogriff
 11363 | D:7      | Offered knowledge of Freeze by Vehumet.
 11363 | D:7      | Reached skill level 9 in Spellcasting
 11366 | D:7      | Learned a level 1 spell: Freeze
 11718 | D:7      | Noticed Maggie
 11760 | D:8      | Reached ** piety under Vehumet
 12279 | D:5      | Killed Grinder
 12279 | D:5      | Reached XP level 9. HP: 37/48 MP: 24/24
 12430 | D:7      | Killed Maggie
 12430 | D:7      | Reached skill level 10 in Spellcasting
 12656 | D:7      | Reached skill level 11 in Spellcasting
 12787 | D:7      | Identified the +4 ring mail "Mugaom" {*Contam +Inv rPois
                  | Stlth+}
 13166 | D:8      | Noticed a two-headed ogre
 13294 | D:8      | Got a transparent cloak
 13295 | D:8      | Identified the +2 cloak "Ecilefig" {MR+} (You found it on
                  | level 8 of the Dungeon)
 13411 | D:8      | Reached skill level 5 in Stealth
 13596 | D:8      | Found a snail-covered altar of Cheibriados.
 13911 | D:8      | Found a shimmering altar of Xom.
 14044 | D:8      | Learned a level 3 spell: Confusing Touch
 14094 | D:8      | Offered knowledge of Conjure Flame by Vehumet.
 14101 | D:8      | Learned a level 3 spell: Conjure Flame
 14214 | D:8      | Reached skill level 1 in Fire Magic
 14358 | D:8      | Killed a two-headed ogre
 14358 | D:8      | Reached XP level 10. HP: 12/53 MP: 25/27
 14752 | D:9      | Found Faenneck's Food Shoppe.
 14985 | D:9      | Reached *** piety under Vehumet
 15018 | D:9      | Found a hide-covered altar of Uskayaw.
 15167 | D:9      | Reached skill level 12 in Spellcasting
 15927 | D:9      | Offered knowledge of Dazzling Flash by Vehumet.
 15932 | D:9      | Learned a level 3 spell: Dazzling Flash
 16265 | D:10     | Entered Level 10 of the Dungeon
 16265 | D:10     | Found Koce's Assorted Antiques.
 16361 | D:10     | Found a hide-covered altar of Uskayaw.
 16378 | D:9      | HP: 2/53 [wraith (5)]
 16378 | D:9      | Slain by a wraith

Illustrated notes

Levels and vault maps discovered:
D:1:      dpeg_arrival_boxes_within_box, layout_basic, due_unseen_surprise
D:2:      layout_loops_ring, fedhas_ov_isle_minmay, nicolae_ashenzari_panopticon
D:3:      corexii_shack_village, layout_loops_ring, vehumet_crystals,
          uniq_sigmund
D:4:      layout_loops_ring, bloody_trog, amethyst_overflow_temple_binary,
          nicolae_dithmenos_shadow_blocks
D:5:      layout_loops_cross, nicolae_qazlal_style_of_elements,
          minmay_temple_entry_tees, first_ration, gammafunk_ghost_necromancy,
          grunt_decor_arrowhead, uniq_grinder
D:6:      layout_basic, lemuel_coloured_pillars_altar, lemuel_doored_altar,
          due_unseen_surprise
D:7:      layout_rooms, grunt_ogre_cave, uniq_maggie
D:8:      layout_loops_cross, basic_altar, chei_slow_surprise
D:9:      layout_loops_corners, overflow_temple_1_default, serial_shops, shop
D:10:     layout_layer_cave, lair_entry_dummy, serial_shops, shop, basic_altar

Skill      XL: |  1  2  3  4  5  6  7  8  9 10 |
---------------+-------------------------------+-----
Fighting       | 1 2 |  2.0
Spellcasting   | 1 2 4 5 7 8 9 11 12 | 12.7
Dodging        | 3 6 7 |  7.9
Stealth        | 2 4 6 |  6.9
Conjurations   | 1 3 4 5 |  5.7
Ice Magic      | 4 |  4.2
Fire Magic     | 3 |  3.3
Hexes          | 3 |  3.4
Short Blades   | |  1.0
Evocations     | |  3.2

Action                   |  1- 3 |  4- 6 |  7- 9 | 10-12 || total
-------------------------+-------+-------+-------+-------++-------
Melee: Short sword       |   154 |    80 |    73 |    10 ||   317
       Dagger            |       |   140 |   111 |    16 ||   267
 Fire: Hunting sling     |    16 |    23 |     1 |       ||    40
Throw: Stone             |    45 |     2 |       |       ||    47
 Cast: Magic Dart        |       |    35 |   271 |    89 ||   395
       Freeze            |       |       |    48 |    41 ||    89
       Conjure Flame     |       |       |     1 |     2 ||     3
       Confusing Touch   |       |       |       |     1 ||     1
       Dazzling Flash    |       |       |       |     1 ||     1
Evoke: Wand              |     4 |     6 |     7 |     2 ||    19
  Use: Scroll            |       |     5 |     6 |       ||    11
       Potion            |       |       |     1 |       ||     1
 Stab: Sleeping          |     3 |     6 |     2 |     1 ||    12
  Eat: Chunk             |     6 |    13 |    13 |     6 ||    38
       Ration            |       |       |     3 |       ||     3
Armor: Leather armour    |    38 |    42 |    28 |    15 ||   123
       Robe              |       |     6 |    23 |       ||    29
Dodge: Dodged            |   101 |   127 |   162 |    53 ||   443
